 Dungeon Crawl Stone Soup version 0.31.0-9-g3a7656b989 (webtiles) character file.

Game seed: 3678114713886671157

30 Axelsxxd the Insei (level 3, 0/34 HPs)
             Began as an Octopode Shapeshifter on Jan 25, 2024.
             Slain by Sigmund
             ... wielding a +0 scythe
              (2 damage)
             ... on level 2 of the Dungeon.
             The game lasted 00:05:23 (1059 turns).

Axelsxxd the Insei (Octopode Shapeshifter)          Turns: 1059, Time: 00:05:24

Health: 0/34       AC: 21    Str: 13    XL:     3   Next: 18%
Magic:  3/3        EV:  2    Int: 12    God:
Gold:   69         SH:  0    Dex: 13    Spells: 2/2 levels left

rFire   . .          .
                       - Unarmed
rCold   . . .        (no shield)
rNeg    . . .        (helmet currently unavailable)
rPois   +            (no amulet)
rElec   .            (no ring)
rCorr   .            (no ring)
SInv    .            (no ring)
Will    .....        (no ring)
Stlth   ++           (no ring)
HPRegen 0.25/turn    (no ring)
MPRegen 0.08/turn    (no ring)
                     (no ring)

%: no passive effects
@: tree-form, weak-willed
A: stationary, stasis, torment immunity, boosted hp, almost no armour,
(amphibious), 8 rings, (camouflage 1), (gelatinous body 1), (nimble swimmer 1),
(tentacles)
a: no special abilities


You were on level 2 of the Dungeon.
You were a tree.
You visited 1 branch of the dungeon, and saw 2 of its levels.

You collected 69 gold pieces.

Inventory:

Talismans
 b - a beast talisman (active)
 c - a flux talisman
Scrolls
 g - a scroll of teleportation


   Skills:
 * Level 1.3 Fighting
 + Level 2.1 Dodging
 + Level 1.0 Stealth
 * Level 3.7 Unarmed Combat
 + Level 3.1 Shapeshifting


You had 2 spell levels left.
You didn't know any spells.
Your spell library contained the following spells:

 Spells                   Type           Power      Damage    Failure   Level
 Magic Dart               Conj           0%         1d3       32%         1
 Searing Ray              Conj           0%         2d4       45%         2
 Fulminant Prism          Conj/Alch      0%         3d5       97%         4


Dungeon Overview and Level Annotations

Branches:
Dungeon (2/15)

Altars:

Annotations:
D:2 Sigmund, Terence


Innate Abilities, Weirdness & Mutations

You are a tree.
Your roots penetrate the ground, keeping you stationary.
You cannot be teleported.
You are immune to unholy pain and torment.
Your maximum health is greatly increased.
You cannot wear most types of armour.
((You are amphibious.))
You can wear up to eight rings at the same time.
((Your skin changes colour to match your surroundings (Stealth+).))
((Your rubbery body absorbs attacks. (AC +1, EV +1)))
((You are camouflaged when in or above water. (Stealth+)))
((You have tentacles for arms and can constrict up to eight enemies at once.))


Message History

Terence the Incautious comes into view.
He is wielding a +0 mace and carrying a wand of flame.
You hear a shout!
Something hits you. Something hits you! Something hits you!
* * * LOW HITPOINT WARNING * * *
Your transformation has ended.
You turn into a tree.
Your roots penetrate the ground.
Something hits you but does no damage.
As you read the scroll labelled SIXAL JYKHUEX, it crumbles to dust.
It is a scroll of enchant armour.
You aren't carrying any armour which can be enchanted further.
Something hits you but does no damage. Something hits you but does no damage.
Sigmund appears from thin air!
Reactivating autopickup.
Sigmund hits you but does no damage.
Sigmund hits you from afar with a +0 scythe.
* * * LOW HITPOINT WARNING * * *
Sigmund hits you but does no damage.
Sigmund hits you from afar with a +0 scythe.
* * * LOW HITPOINT WARNING * * *
As you read the scroll labelled QELU QYADGHAN, it crumbles to dust.
It is a scroll of identify.
g - a scroll of teleportation You cannot teleport because you are held in place by your roots.
As you read the scroll labelled JIQAIN YGOBB, it crumbles to dust.
A wave of despondency washes over your surroundings.
It was a scroll of vulnerability.
Sigmund gestures at you while chanting. You resist with significant effort.
As you read the scroll labelled NOQUUL VI HAKH, it crumbles to dust.
You hear a loud clanging noise!
It was a scroll of noise.
You hear a shout! x4; You hear a loud squeak.
You hear a bark!
You hear an angry hiss.
You hear a bark!
Sigmund hits you but does no damage.
Sigmund hits you from afar with a +0 scythe.
You die...
Sigmund begins carving another notch in his scythe.

#.#...†.....#.#
#.#..##.....#.#
#.#.........#.#..
##@###.##.###....#.#..
...............##.#.#.#
..#.#######.#.....#.#.#
................#.#
#######.#@#######.#
...........♣......######
#...###.#.#####.........
## #.#.#####.#######.
#.#.##...<# #.
#.#.##.#..# #.
#.....†...# #.
#.#.#.....#
#.###.#.......#
#####..##.####.####


You could see Sigmund (weak-willed).

Vanquished Creatures
  An adder (D:2)
  A dart slug (D:1)
  A ribbon worm (D:2)
  2 giant cockroaches (D:1)
  A goblin (D:1)
  2 hobgoblins
  A kobold (D:1)
  2 ball pythons
  3 bats (D:1)
  A frilled lizard (D:2)
  3 rats (D:1)
18 creatures vanquished.

Notes
Turn   | Place    | Note
-------+----------+-------------------------------------------
     0 | D:1      | Axelsxxd the Octopode Shapeshifter began the quest for the
                  | Orb.
     0 | D:1      | Reached XP level 1. HP: 13/13 MP: 1/1
   322 | D:1      | Reached XP level 2. HP: 18/18 MP: 2/2
   377 | D:1      | Found a faded altar of an unknown god.
  1018 | D:2      | Noticed Sigmund
  1032 | D:2      | Reached skill level 1 in Stealth
  1032 | D:2      | Reached XP level 3. HP: 18/23 MP: 3/3
  1036 | D:2      | Noticed Terence
  1045 | D:2      | HP: 1/23 [something (8)]
  1052 | D:2      | HP: 1/34 [Sigmund/+0 scythe (2)]
  1059 | D:2      | Slain by Sigmund

Illustrated notes

Levels and vault maps discovered:
D:1:      amcnicky_arrival_blooded_trapdoor, layout_basic,
          basic_ecumenical_altar, hangedman_feature_mirror
D:2:      layout_basic, moated_statue, st_stairs_8, minmay_pentomino_r4,
          uniq_sigmund, uniq_terence

Skill      XL: |  1  2 |
---------------+-------+-----
Stealth        | 1 |  1.0
Fighting       | |  1.3
Dodging        | |  2.1
Unarmed Combat | |  3.7
Shapeshifting  | |  3.1

Action                     || total
---------------------------++-------
  Melee: Unarmed           ||    34
         Constrict         ||     6
         Tentacles         ||     5
    Use: Potion            ||     2
         Scroll            ||     4
   Stab: Sleeping          ||     4
 Armour: Skin              ||    24
  Dodge: Dodged            ||    23
   Form: Beast             ||     1
